 Dungeon Crawl Stone Soup version 0.29.1-15-g9cfb28693d (webtiles) character file.

Game seed: 16275462486958339447

4929 booth the Chopper (level 10, -5/80 HPs)
             Began as a Demonspawn Gladiator on Mar 16, 2023.
             Was a Believer of Ashenzari.
             Slain by an eight-headed hydra (6 damage)
             ... on level 9 of the Dungeon.
             The game lasted 01:11:02 (9634 turns).

booth the Chopper (Demonspawn Gladiator)            Turns: 9634, Time: 01:11:03

Health: -5/80      AC: 19    Str: 23    XL:     10   Next: 27%
Magic:  13/13      EV: 14    Int: 16    God:    Ashenzari [**....]
Gold:   223        SH:  4    Dex: 15    Spells: 9/9 levels left

rFire   . . .      SeeInvis +   G - +1 mace (protect)
rCold   . . .      Faith    .   (no shield)
rNeg    . . .      Spirit   .   y - +3 leather armour "Mistrust of Ashenzari" {+Inv Str+5, Bglg, Comp} (curse)
rPois   .          Reflect  .   c - +0 helmet
rElec   .          Harm     .   t - +2 cloak "Tethered Scepticism" {Evo, Melee} (curse)
rCorr   .          Rampage  .   E - +2 pair of gloves of Ashenzari's Yoke {Self, Elem} (curse)
Will    .....                   h - +1 pair of boots
Stlth   +.........              (no amulet)
HPRegen 0.23/turn               v - ring "Profound Disgust" {Int+6, Evo, Bglg} (curse)
MPRegen 0.13/turn               (no ring)

@: no status effects
A: thin metallic scales 2, foul stench 1, condensation shield, demonic touch 1
a: Renounce Religion, Evoke Invisibility, Curse Item, Shatter the Chains


You were on level 9 of the Dungeon.
You worshipped Ashenzari.
Ashenzari was pleased with you.
You visited 1 branch of the dungeon, and saw 9 of its levels.

You collected 404 gold pieces.
You spent 181 gold pieces at shops.

Inventory:

Hand Weapons
 a - a +1 war axe
 e - a +2 antimagic flail
 G - a +1 mace of protection (weapon)
Missiles
 d - 3 throwing nets (quivered)
 r - 2 boomerangs
 s - 3 poisoned darts
 D - a javelin
Armour
 b - a +0 leather armour
 c - a +0 helmet (worn)
 h - a +1 pair of boots (worn)
 o - +0 shadow dragon scales
 q - +0 steam dragon scales
 t - the cursed +2 cloak "Tethered Scepticism" (worn) {Evo, Melee}
   (You found it on level 4 of the Dungeon)

   It has a curse which improves the following skills: Evocations: Evocations.
   Melee Combat: Short Blades, Long Blades, Axes, Maces & Flails, Polearms,
   Staves and Unarmed Combat.
 y - the cursed +3 leather armour "Mistrust of Ashenzari" (worn) {+Inv Str+5, Bglg, Comp}
   (You took it off an orc wizard on level 6 of the Dungeon)

   Str:       It affects your strength (+5).
   +Inv:      It lets you turn invisible.
   It has a curse which improves the following skills: Beguiling: Conjurations,
   Hexes and Translocations.
   Companions: Summonings and Necromancy.
 E - the cursed +2 pair of gloves of Ashenzari's Yoke (worn) {Self, Elem}
   (You bought it in a shop on level 8 of the Dungeon)

   It has a curse which improves the following skills: Introspection: Fighting
   and Spellcasting.
   Elements:  Fire Magic, Ice Magic, Air Magic and Earth Magic.
Jewellery
 v - the cursed ring "Profound Disgust" (left hand) {Int+6, Evo, Bglg}
   (You found it on level 4 of the Dungeon)

   [ring of intelligence]

   Int:       It affects your intelligence (+6).
   It has a curse which improves the following skills: Evocations: Evocations.
   Beguiling: Conjurations, Hexes and Translocations.
Wands
 n - a wand of polymorph (3)
 w - a wand of flame (7)
 x - a wand of charming (11)
 z - a wand of roots (13)
Scrolls
 g - a scroll of torment
 k - a scroll of poison
 m - a scroll of summoning
 p - a scroll of blinking
 A - a scroll of silence
 B - a scroll of amnesia
Potions
 f - 3 potions of berserk rage
 i - a potion of brilliance
 j - 2 potions of flight
 l - 3 potions of mutation
 u - 3 potions of curing
 C - a potion of heal wounds


   Skills:
 + Level 6.4(7.6) Fighting
 * Level 7.8(9.1) Axes
 + Level 5.7 Throwing
 + Level 4.2 Armour
 + Level 6.2 Dodging
 + Level 5.1 Invocations
 + Level 3.7(5.4) Evocations


You had 9 spell levels left.
You didn't know any spells.
Your spell library contained the following spells:

 Spells                   Type           Power      Damage    Failure   Level
 Necrotise                Necr           0%         1d4       26%         1
 Sting                    Tmut/Pois      0%         1d3       28%         1
 Poisonous Vapours        Pois/Air       0%         N/A       38%         2
 Conjure Flame            Conj/Fire      0%         6-21      63%         3
 Summon Guardian Golem    Hex/Summ       0%         N/A       63%         3
 Vampiric Draining        Necr           0%         2d6       63%         3
 Ignite Poison            Fire/Tmut/Pois 0%         N/A       65%         3
 Sticky Flame             Conj/Fire      0%         2d3       95%         4
 Olgreb's Toxic Radiance  Pois           0%         N/A       96%         4
 Agony                    Necr           0%         N/A       100%        5
 Orb of Destruction       Conj           0%         9d5       100%        7
 Spellforged Servitor     Conj/Summ      0%         N/A       100%        7


Dungeon Overview and Level Annotations

Branches:
Dungeon (9/15)             Temple (0/1) D:7
   Lair: D:8-11         Orc: D:9-12

Altars:
Ashenzari
Dithmenos
Hepliaklqana
Kikubaaqudgha
Nemelex Xobeh
Qazlal
Ru
Uskayaw
Wu Jian
Xom
Yredelemnul

Shops:
D:8 [

Annotations:
D:8 exclusion: obsidian statue


Innate Abilities, Weirdness & Mutations

You are mostly covered in thin metallic scales. (AC +3)
You may rarely emit foul miasma when damaged in melee.
A meltable shield of frost defends you. (SH +4)
Your touch may inflict minor irresistible damage on your foes.


Message History

The eight-headed hydra is engulfed in dark miasma.
The eight-headed hydra seems to slow down.
The eight-headed hydra bites you but does no damage. x6
The eight-headed hydra closely misses you.
The eight-headed hydra misses you.
The gnoll sergeant hits you but does no damage.
You hit the gnoll sergeant but do no damage.
Your weapon exudes an aura of protection.
The eight-headed hydra is engulfed in dark miasma.
The eight-headed hydra bites you but does no damage.
The eight-headed hydra closely misses you. x2
The eight-headed hydra bites you but does no damage.
The eight-headed hydra closely misses you.
The eight-headed hydra bites you but does no damage.
You block the eight-headed hydra's attack.
The eight-headed hydra bites you but does no damage.
The gnoll sergeant completely misses you.
The gnoll sergeant hits you but does no damage.
The eight-headed hydra is engulfed in dark miasma.
The eight-headed hydra bites you but does no damage. x3
The eight-headed hydra barely misses you.
The eight-headed hydra bites you.
* * * LOW HITPOINT WARNING * * *
The eight-headed hydra bites you but does no damage. x2
The eight-headed hydra closely misses you.
The gnoll sergeant attacks as you move away!
The gnoll sergeant closely misses you.
The gnoll sergeant hits you from afar with a +0 spear.
* * * LOW HITPOINT WARNING * * *
The eight-headed hydra is engulfed in dark miasma.
The eight-headed hydra looks even sicker.
The eight-headed hydra seems to slow down.
The eight-headed hydra bites you but does no damage.
The eight-headed hydra bites you.
* * * LOW HITPOINT WARNING * * *
The eight-headed hydra bites you!
* * * LOW HITPOINT WARNING * * *
The eight-headed hydra bites you but does no damage.
The eight-headed hydra bites you.
You die...

..................##.##
,
.................<####
.................##
,,......?.........## ,
......#.........# ,
....####.......## ,
..## #......### .,,#**
##......# ...*
*##.....@.# , ..D.#
##..gggD.##
......#..g######
>.......#.#∆∆∆
........###∆ ,*
.....##.. *,,,
.#...,.... + ....,
#..## ,... , #.## ,


You could see an eight-headed hydra (very poisoned, slow), a gnoll sergeant and
3 gnolls.

Vanquished Creatures
  A komodo dragon (D:8)
  5 yaks (D:8)
  Grum (D:9)
  Eustachio (D:6)
  2 steam dragons (D:7)
  A water moccasin (D:7)
  5 orc warriors
  6 ice beasts
  A black bear (D:5)
  4 wolves (D:8)
  An ogre (D:7)
  3 centaurs
  A phantom (D:5)
  3 bullfrogs
  A necrophage (D:6)
  2 scorpions
  2 howler monkeys (D:6)
  A lava snake (D:7)
  4 jellies
  6 orc priests
  A hound (D:6)
  14 orc wizards
  Ijyb (D:5)
  2 iguanas
  4 adders
  3 gnolls (D:4)
  2 ufetubi (D:5)
  A worm (D:2)
  A dart slug (D:4)
  41 orcs
  15 endoplasms
  5 giant cockroaches
  10 goblins
  8 hobgoblins
  2 quokkas
  9 ball pythons
  4 bats
  4 frilled lizards
  16 kobolds
  8 rats
202 creatures vanquished.

Vanquished Creatures (others)
  A bush (D:5)
  16 fungi
  5 plants
  5 toadstools (D:2)
27 creatures vanquished.

Grand Total: 229 creatures vanquished

Notes
Turn   | Place    | Note
-------+----------+-------------------------------------------
     0 | D:1      | booth the Demonspawn Gladiator began the quest for the Orb.
     0 | D:1      | Reached XP level 1. HP: 16/16 MP: 1/1
   319 | D:1      | Gained mutation: Your touch may inflict minor irresistible
                  | damage on your foes. [demonic ancestry]
   319 | D:1      | Reached XP level 2. HP: 18/22 MP: 2/2
   528 | D:1      | Found a faded altar of an unknown god.
  1081 | D:2      | Reached skill level 3 in Axes
  1094 | D:2      | Gained mutation: A meltable shield of frost defends you.
                  | (SH +4) [demonic ancestry]
  1094 | D:2      | Reached XP level 3. HP: 23/28 MP: 3/3
  1477 | D:2      | Reached XP level 4. HP: 14/34 MP: 4/4
  1512 | D:2      | HP: 1/35 [endoplasm (1)]
  2336 | D:3      | Gained mutation: You are partially covered in thin metallic
                  | scales. (AC +2) [demonic ancestry]
  2336 | D:3      | Reached XP level 5. HP: 41/41 MP: 5/5
  2985 | D:4      | Found a broken altar of Ashenzari.
  3000 | D:4      | Became a worshipper of Ashenzari the Shackled
  3279 | D:4      | Gained mutation: You may rarely emit foul miasma when
                  | damaged in melee. [demonic ancestry]
  3279 | D:4      | Reached XP level 6. HP: 30/47 MP: 6/6
  3749 | D:4      | Found a sacrificial altar of Ru.
  3783 | D:5      | Entered Level 5 of the Dungeon
  3872 | D:5      | Reached skill level 4 in Axes
  4030 | D:5      | Noticed an ice beast
  4065 | D:5      | Killed an ice beast
  4077 | D:5      | Gained mutation: You are mostly covered in thin metallic
                  | scales. (AC +3) [demonic ancestry]
  4077 | D:5      | Reached XP level 7. HP: 42/54 MP: 7/7
  4209 | D:5      | Found a stormy altar of Qazlal.
  4325 | D:5      | Reached skill level 1 in Armour
  4471 | D:5      | Found a shimmering altar of Xom.
  4523 | D:5      | Noticed Ijyb
  4525 | D:5      | Found an ornate altar of the Wu Jian Council.
  4525 | D:5      | Found an ancient bone altar of Kikubaaqudgha.
  4533 | D:5      | Killed Ijyb
  4559 | D:5      | Found a basalt altar of Yredelemnul.
  4565 | D:5      | Reached skill level 5 in Axes
  4814 | D:6      | Reached XP level 8. HP: 60/61 MP: 8/8
  4980 | D:6      | Reached skill level 5 in Dodging
  4982 | D:6      | Reached skill level 1 in Invocations
  4983 | D:6      | Reached skill level 5 in Fighting
  5014 | D:6      | Reached * piety under Ashenzari
  5037 | D:6      | Identified the +3 leather armour "Cezaxzudgh" {+Inv Str+5}
  5340 | D:6      | Noticed Eustachio
  5350 | D:6      | Killed Eustachio
  5351 | D:6      | Reached skill level 1 in Evocations
  5380 | D:6      | Reached skill level 6 in Axes
  5589 | D:6      | Reached ** piety under Ashenzari
  6084 | D:7      | Reached XP level 9. HP: 42/68 MP: 11/11
  6352 | D:7      | Reached skill level 5 in Throwing
  6871 | D:7      | Found a staircase to the Ecumenical Temple.
  7424 | D:7      | Found a hide-covered altar of Uskayaw.
  7804 | D:8      | Found Nusetuga's Armour Shoppe.
  7813 | D:8      | Bought a +2 pair of gloves for 181 gold pieces
  7843 | D:8      | Reached skill level 7 in Axes
  8113 | D:8      | Found a sparkling altar of Nemelex Xobeh.
  8227 | D:8      | Found a hazy altar of Hepliaklqana.
  8490 | D:8      | Found a shadowy altar of Dithmenos.
  8712 | D:8      | Noticed an obsidian statue
  8974 | D:9      | Noticed a komodo dragon
  8984 | D:9      | Reached XP level 10. HP: 72/79 MP: 13/13
  9058 | D:8      | HP: 1/79 [wolf[Grum] (7)]
  9063 | D:8      | HP: 3/79 [wolf[Grum] (6)]
  9388 | D:9      | Noticed Grum
  9408 | D:8      | Reached skill level 5 in Invocations
  9486 | D:8      | Identified the cursed +2 cloak "Tethered Scepticism" {Evo,
                  | Melee} (You found it on level 4 of the Dungeon)
  9510 | D:8      | Identified the cursed ring "Profound Disgust" {Int+6, Evo,
                  | Bglg} (You found it on level 4 of the Dungeon)
  9516 | D:9      | Killed Grum
  9615 | D:9      | Noticed an eight-headed hydra
  9634 | D:9      | HP: 1/80 [eight-headed hydra (13)]
  9634 | D:9      | Slain by an eight-headed hydra

Illustrated notes

Levels and vault maps discovered:
D:1:      evilmike_arrival_hilbert_curve, layout_basic,
          ebering_ecumenical_altar_sacrificial, chequers_serial_rivers_micro_d,
          hangedman_decor_slide_cut, minmay_octomino_j4
D:2:      cheibrodos_fertilizer, layout_basic, due_unseen_surprise
D:3:      layout_basic
D:4:      layout_basic, marbit_many_paths, mainiacjoe_overflow_chevrons
D:5:      layout_basic, nicolae_overflow_crystal_walls,
          nicolae_overflow_two_pavilions, chequers_serial_rivers_room_b,
          kb_lookout_dungeons_type, hangedman_feature_mirror,
          kennysheep_another_room, st_stairs_12, uniq_ijyb
D:6:      layout_gridville, serial_bayou_pond_d, uniq_eustachio
D:7:      layout_cave_pods, good_gods_temple_1, nicolae_uskayaw_suspiria,
          minmay_temple_entry_gardened_gates
D:8:      minmay_statue_hallways, layout_loops_ring,
          nemelex_xobeh_ov_fountains_minmay, lemuel_coloured_pillars_altar,
          mainiacjoe_overflow_small_starburst, serial_shops, nicolae_shop_trees
D:9:      minmay_gate_of_8, layout_cave_pools,
          mainiacjoe_overflow_cross_hatched, lemuel_tele_altar,
          grunt_lair_entry_orc_guard_hut, hiddenorc1_lemuel, uniq_grum

Skill      XL: |  1  2  3  4  5  6  7  8  9 10 |
---------------+-------------------------------+-----
Throwing       | 2 3 4 5 |  5.7
Dodging        | 3 4 5 6 |  6.2
Axes           | 3 4 5 6 7 |  7.8
Fighting       | 3 4 5 6 |  6.4
Armour         | 1 2 4 |  4.2
Invocations    | 2 4 5 |  5.1
Evocations     | 1 3 |  3.7

Action                   |  1- 3 |  4- 6 |  7- 9 | 10-12 || total
-------------------------+-------+-------+-------+-------++-------
Melee: War axe           |   102 |   145 |   262 |    42 ||   551
       Touch             |     6 |    29 |    46 |    14 ||    95
       Punch             |     1 |     1 |     3 |       ||     5
       Mace              |       |       |       |     3 ||     3
Throw: Javelin           |     2 |       |     1 |       ||     3
       Throwing net      |     1 |     1 |       |       ||     2
       Boomerang         |       |       |     7 |     1 ||     8
       Dart              |       |       |     1 |     2 ||     3
Invok: Curse Item        |       |       |     4 |       ||     4
  Use: Scroll            |     1 |     7 |     6 |       ||    14
       Potion            |     1 |       |     1 |     2 ||     4
 Stab: Sleeping          |     2 |     2 |       |       ||     4
Armor: Leather armour    |    55 |    45 |   142 |    62 ||   304
Dodge: Dodged            |    73 |    92 |   188 |    65 ||   418
Block: Other             |     8 |    27 |    38 |    13 ||    86
